 Dungeon Crawl Stone Soup version 0.22.1-6-g1668fe2c40 (webtiles) character file.

352 Descartes the Insei (level 6, -1/32 HPs)
             Began as a Vine Stalker Monk on Jan 18, 2019.
             Slain by a kobold (3 damage)
             ... in a sewer.
             The game lasted 00:11:49 (3438 turns).

Descartes the Insei (Vine Stalker Monk)             Turns: 3438, Time: 00:11:50

Health: -1/32      AC:  5    Str: 15    XL:     6   Next: 61%
Magic:  0/7        EV: 13    Int: 10    God:
Gold:   155        SH:  0    Dex: 19    Spells: 5/5 levels left

rFire    . . .     SeeInvis .     - Unarmed
rCold    . . .     Gourm    .   (no shield)
rNeg     . . .     Faith    .   i - +0 ring mail
rPois    .         Spirit   +   (no helmet)
rElec    .         Reflect  .   (no cloak)
rCorr    .         Harm     .   (no gloves)
MR       .....                  (no boots)
Stlth    ++........             h - amulet of rage
HPRegen  0.50/turn              (no ring)
MPRegen  0.10/turn              (no ring)

@: no status effects
A: fangs 2, agile 1, regeneration 1, screaming 1, magic shield, antimagic bite,
no potion heal 3, rot immunity
a: Evoke Berserk Rage


You were in a sewer.
You were not hungry.

You visited 1 branch of the dungeon, and saw 3 of its levels.
You also visited: Sewer.

You collected 155 gold pieces.

Inventory:

Hand Weapons
 b - a +0 blowgun
 k - a +0 hunting sling
 z - a +0 hand crossbow
Missiles
 g - 119 stones
 l - 70 arrows
 n - 2 javelins of returning (quivered)
 u - 13 sling bullets
 A - 31 bolts
Armour
 a - a +0 robe
 i - a +0 ring mail (worn)
 p - a +0 chain mail
Jewellery
 h - an amulet of rage (around neck)
Scrolls
 c - a scroll of identify
 d - 2 scrolls of teleportation {unknown}
 j - a scroll of enchant weapon {unknown}
 s - 2 scrolls of amnesia {unknown}
 t - a scroll of random uselessness {unknown}
 w - a scroll of remove curse {unknown}
Potions
 e - 4 potions of curing
 f - a potion of agility
 m - 2 potions of haste {unknown}
 q - a potion of brilliance {unknown}
 r - a potion of lignification {unknown}
 v - a potion of magic {unknown}
Comestibles
 o - 3 chunks of flesh
 x - 3 rations


   Skills:
 - Level 2.6 Fighting
 + Level 3.6 Dodging
 + Level 4.8 Stealth
 * Level 5.5 Unarmed Combat


You had 5 spell levels left.
You didn't know any spells.
Your spell library was empty.

Dungeon Overview and Level Annotations

Branches:
Dungeon (3/15)

Altars:
Nemelex Xobeh

Annotations:
Sewer Grinder


Innate Abilities, Weirdness & Mutations

You have extremely sharp teeth.
Your natural rate of healing is unusually fast.
When hurt, damage is shared between your health and your magic reserves.
Your bite disrupts and absorbs the magic of your enemies.
Potions cannot restore your health.
You are immune to rotting.
You are agile. (Dex +2)
You occasionally shout uncontrollably at your foes.


Message History

The big kobold is severely wounded.
The kobold barely misses you. The big kobold hits you with a club.
* * * LOW HITPOINT WARNING * * *
You punch the big kobold!
The big kobold is almost dead.
The kobold closely misses you. The big kobold misses you.
You closely miss the big kobold.
You bite the big kobold, but do no damage.
The big kobold is almost dead.
The kobold hits you. The big kobold hits you with a club.
* * * LOW HITPOINT WARNING * * *
You hit the big kobold.
You kill the big kobold!
The kobold hits you.
* * * LOW HITPOINT WARNING * * *
The kobold hits you but does no damage.
Things that are here:
a club; 13 stones The kobold hits you.
You die...

######## ############ ≈#≈≈≈≈≈≈
≈≈≈≈≈≈≈#≈≈≈# .≈≈≈≈≈≈≈
≈≈≈≈≈≈..≈.≈# .#≈≈≈≈≈≈
≈≈≈≈≈≈≈#...#
###################)##
.#≈≈≈≈≈≈≈≈≈≈≈≈≈≈)K).≈#
.#≈≈≈≈≈≈≈≈≈≈≈≈≈≈@#.)≈#
.#≈≈≈≈≈≈≈≈≈≈≈≈≈≈.#§≈≈#
.#≈≈≈≈≈≈≈≈≈≈≈≈≈≈.#.≈≈#
.#≈≈≈≈≈≈≈≈≈≈≈≈≈..#(≈≈# #+++#
.#≈≈≈≈≈≈≈≈≈≈≈≈...#))≈###...## #
#####≈#≈≈###≈#.####(###..§..##..
.#.†.......÷.≈.≈≈#≈5(#.....§.'.≈
...≈≈≈≈≈≈≈≈≈≈.≈≈≈≈≈.(((§K_...'.§
.#≈............≈≈#≈..#..(..§.'.≈


You could see a kobold.

Vanquished Creatures
  2 big kobolds (Sewer)
  2 big kobold zombies (Sewer)
  A hound skeleton (D:3)
  7 adders
  A shadow imp (Sewer)
  A worm (D:3)
  A dart slug (D:2)
  3 leopard geckos
  8 orcs (D:3)
  A ball python (D:2)
  A bat zombie (Sewer)
  4 giant cockroaches
  8 goblins
  6 hobgoblins
  3 jackals (D:1)
  24 kobolds
  3 quokkas
  3 bats
  A frilled lizard (D:1)
  2 giant cockroach zombies (Sewer)
  3 rats
85 creatures vanquished.

Vanquished Creatures (others)
  2 oozes (Sewer)
2 creatures vanquished.

Grand Total: 87 creatures vanquished

Notes
Turn   | Place    | Note
-------+----------+-------------------------------------------
     0 | D:1      | Descartes the Vine Stalker Monk began the quest for the
                  | Orb.
     0 | D:1      | Reached XP level 1. HP: 11/11 MP: 2/2
   760 | D:1      | Reached XP level 2. HP: 12/16 MP: 3/3
  1831 | D:2      | Reached XP level 3. HP: 19/19 MP: 4/4
  1839 | D:2      | Found a sparkling altar of Nemelex Xobeh.
  2304 | D:2      | Reached skill level 4 in Unarmed Combat
  2488 | D:2      | Gained mutation: Your natural rate of healing is unusually
                  | fast. [Vine Stalker growth]
  2488 | D:2      | Reached XP level 4. HP: 17/23 MP: 3/5
  2539 | D:2      | Gained mutation: You occasionally shout uncontrollably at
                  | your foes. [potion of mutation]
  2539 | D:2      | Gained mutation: You are agile. (Dex +2) [potion of
                  | mutation]
  2920 | D:3      | Reached XP level 5. HP: 17/27 MP: 4/6
  3122 | D:3      | Found a glowing drain.
  3144 | Sewer    | Entered a sewer
  3316 | Sewer    | Found a burning altar of Makhleb.
  3316 | Sewer    | Noticed a big kobold
  3366 | Sewer    | Killed a big kobold
  3366 | Sewer    | Reached skill level 5 in Unarmed Combat
  3366 | Sewer    | Reached XP level 6. HP: 28/32 MP: 7/7
  3374 | Sewer    | Noticed Grinder
  3435 | Sewer    | HP: 1/32 [big kobold/club (4)]
  3438 | Sewer    | Slain by a kobold

Skill      XL: |  1  2  3  4  5 |
---------------+----------------+-----
Stealth        | 3 4 |  4.8
Unarmed Combat | 4 5 |  5.5
Dodging        | 3 |  3.6
Fighting       | |  2.6

Action                   |  1- 3 |  4- 6 || total
-------------------------+-------+-------++-------
Melee: Unarmed           |   126 |   194 ||   320
       Bite              |    31 |    58 ||    89
       Punch             |     2 |     5 ||     7
 Fire: Blowgun           |       |     7 ||     7
Throw: Stone             |     5 |     2 ||     7
       Javelin           |     3 |     1 ||     4
  Use: Scroll            |       |     3 ||     3
       Potion            |       |     1 ||     1
 Stab: Sleeping          |     8 |       ||     8
  Eat: Chunk             |     5 |     3 ||     8
Armor: Robe              |     7 |       ||     7
       Ring mail         |       |    63 ||    63
Dodge: Dodged            |    77 |   122 ||   199
